 Dungeon Crawl Stone Soup version 0.31-a0-188-g5e087ee2ca (webtiles) character file.

Game seed: 14415080167473711117

6195 qw the Markself (level 10, -2/58 HPs)
             Began as a Deep Elf Hunter on June 23, 2023.
             Was a Believer of Okawaru.
             Slain by a troll (6 damage)
             ... on level 9 of the Dungeon.
             The game lasted 00:03:00 (6813 turns).

qw the Markself (Deep Elf Hunter)                   Turns: 6813, Time: 00:03:00

Health: -2/58      AC: 10    Str: 12    XL:     10   Next: 61%
Magic:  14/15      EV: 27    Int: 15    God:    Okawaru [**....]
Gold:   265        SH:  0    Dex: 18    Spells: 9/9 levels left

rFire   . . .        Y - +0 longbow
rCold   . . .        (shield currently unavailable)
rNeg    . . .        e - +1 ring mail {rPois}
rPois   +            d - +0 helmet
rElec   .            (no cloak)
rCorr   .            h - +0 pair of gloves
SInv    .            (no boots)
Will    +....        (no amulet)
Stlth   +++          i - +5 ring of evasion
HPRegen 0.29/turn    a - +5 ring of evasion
MPRegen 0.14/turn

%: no passive effects
@: heroic
A: no striking features
a: Renounce Religion, Heroism


You were on level 9 of the Dungeon.
You worshipped Okawaru.
Okawaru was pleased with you.
You visited 2 branches of the dungeon, and saw 10 of its levels.

You collected 420 gold pieces.
You spent 155 gold pieces at shops.


   Skills:
 - Level 4.4(9.4) Fighting
 + Level 17.3(22.3) Ranged Weapons
 - Level 2.3(7.3) Armour
 - Level 7.2(12.2) Dodging
 - Level 1.2(6.2) Stealth
 - Level 4.8 Invocations


You had 9 spell levels left.
You didn't know any spells.
Your spell library was empty.

Inventory:

Hand Weapons
 Y - a +0 longbow (weapon)
Armour
 d - a +0 helmet (worn)
 e - a +1 ring mail of poison resistance (worn)
 h - a +0 pair of gloves (worn)
 k - +0 fire dragon scales
 n - the +1 robe of an ice cave {Dex+4 SInv}
   (You found it on level 6 of the Dungeon)

   Dex:       It affects your dexterity (+4).
   SInv:      It lets you see invisible.
 p - a +0 troll leather armour
Jewellery
 a - a +5 ring of evasion (right hand)
 i - a +5 ring of evasion (left hand)
Wands
 r - a wand of digging (7)
Scrolls
 f - a scroll of identify
 m - 3 scrolls of teleportation
Potions
 g - 4 potions of curing
 j - a potion of lignification {unknown}

Dungeon Overview and Level Annotations

Branches:
Dungeon (9/15)             Temple (1/1) D:6            Lair (0/5) D:9
    Orc: D:9-12

Altars:
Ashenzari
Cheibriados
Dithmenos
Elyvilon
Fedhas
Gozag
Hepliaklqana
Kikubaaqudgha
Nemelex Xobeh
Okawaru
Qazlal
Ru
Sif Muna
Trog
Uskayaw
Vehumet
Wu Jian
Xom
Yredelemnul
Zin
The Shining One

Shops:
D:6 (*


Message History

The yak completely misses you. The troll barely misses you.
The troll claws you. The troll closely misses you.
You shoot an arrow. The arrow hits the troll!!
The troll is severely wounded.
The yak completely misses you.
An orc comes into view. It is wielding a +0 war axe.
The orc warrior closely misses you. The troll completely misses you.
The troll misses you. The troll claws you! The yak misses you.
You shoot an arrow. The orc shouts!
The arrow hits the troll but does no damage.
The troll is severely wounded.
You shoot an arrow. The arrow hits the troll.
The troll is almost dead.
A killer bee comes into view.
The yak misses you. The troll completely misses you. The troll claws you.
The troll claws you but does no damage.
The orc priest begins to cast a cantrip, but forgets the words!
The orc warrior completely misses you. The yak completely misses you.
The yak misses you.
You shoot an arrow. The killer bee buzzes angrily.
The arrow hits the troll.
The troll is almost dead.
The yak misses you. The yak completely misses you.
The yak gores you but does no damage.
The orc warrior hits you with a +0 mace.
The troll misses you. The troll closely misses you. The troll claws you.
You shoot an arrow.
The arrow hits the troll but does no damage.
The troll is almost dead.
The yak completely misses you. The yak barely misses you.
The orc warrior hits you but does no damage.
The yak misses you.
The troll closely misses you. x2; The troll claws you!
You shoot an arrow. The arrow closely misses the troll.
The arrow hits the orc priest!
The orc priest is almost dead.
The yak gores you! The yak closely misses you. The troll barely misses you. x2
The troll claws you.
You die...

...#..... ...#.....
.....o...
.######........... ..
.........y....... ..
..#...#Y.oo..... .
......YYTy..#.>
......Y@o##.#.######
...#.....##.#......#####
#....................
##....##.#...........
.......................
#######...##.......##.#
................#.#
#########.#####.#..
##.....###.###


You could see 4 yaks, a troll, a hornet, an orc warrior, a killer bee, 2 orc
priests and an orc.

Vanquished Creatures
  A two-headed ogre (D:8)
  Pikel (D:4)
  3 trolls
  Prince Ribbit (D:5)
  6 yaks
  A vampire (D:8)
  A wyvern (D:6)
  A steam dragon (D:7)
  An acid dragon (D:9)
  3 water moccasins
  Duvessa (D:4)
  2 ice beasts
  An ogre (D:5)
  2 black bears
  A centaur (D:9)
  A phantom (D:5)
  A kobold brigand (D:7)
  A lemure (D:4)
  A bullfrog (D:8)
  2 gnoll sergeants
  A scorpion (D:5)
  8 wights
  Dowan (D:4)
  An oklob sapling (D:6)
  8 killer bees
  2 howler monkeys
  2 hounds
  3 orc priests
  2 jellies (D:5)
  A gnoll bouda (D:3)
  A sleepcap (D:4)
  3 orc wizards
  Robin (D:2)
  10 adders
  8 gnolls
  A river rat (D:4)
  A white imp (D:6)
  An ufetubus (D:4)
  2 worms
  2 dart slugs
  14 orcs
  7 ball pythons
  6 bats
  11 endoplasms
  5 giant cockroaches (D:4)
  12 goblins
  8 hobgoblins
  4 jackals (D:4)
  10 kobolds
  2 quokkas (D:4)
  7 frilled lizards
  10 rats
  A spectral kobold (D:3)
188 creatures vanquished.

Notes
Turn   | Place    | Note
-------+----------+-------------------------------------------
     0 | D:1      | qw the Deep Elf Hunter began the quest for the Orb.
     0 | D:1      | Reached XP level 1. HP: 12/12 MP: 3/3
     0 | D:1      | 0 ||| qw: Version: 0.3-a-9-g12657ce
     0 | D:1      | 0 ||| qw: Game counter: 3084
     0 | D:1      | 0 ||| qw: Always use a shield: true
     0 | D:1      | 0 ||| qw: God list: Okawaru
     0 | D:1      | 0 ||| qw: Allow faded altars: false
     0 | D:1      | 0 ||| qw: Do Orc after D:15 true
     0 | D:1      | 0 ||| qw: Do second Lair branch before Depths: true
     0 | D:1      | 0 ||| qw: Lair rune preference: random
     0 | D:1      | 0 ||| qw: Plans: Normal
     0 | D:1      | 0 ||| PLANNING D:1-11
   164 | D:1      | Reached XP level 2. HP: 16/16 MP: 4/4
   182 | D:1      | Reached skill level 6 in Ranged Weapons
   380 | D:1      | 380 ||| UPGRADING to +5 ring of evasion.
   381 | D:1      | 381 ||| READING scroll labelled UXOUXE PUNNOSS.
   382 | D:1      | 382 ||| READING scroll labelled NUQYCO AHITTOM.
   483 | D:1      | 483 ||| READING scroll labelled NORY ZANEPS.
   486 | D:1      | 486 ||| READING scroll labelled OBBOLU VASO.
   487 | D:1      | 487 ||| DRINKING 2 smoky silvery potions.
   488 | D:1      | 488 ||| DROPPING scroll of butterflies.
   535 | D:2      | Noticed Robin
   536 | D:2      | 536 ||| Stepping ~*~*~tactically~*~*~ (outnumbered).
   540 | D:2      | 540 ||| Stepping ~*~*~tactically~*~*~ (outnumbered).
   543 | D:2      | 543 ||| Stepping ~*~*~tactically~*~*~ (outnumbered).
   547 | D:2      | Reached XP level 3. HP: 16/20 MP: 5/5
   552 | D:2      | Killed Robin
   556 | D:2      | Reached skill level 7 in Ranged Weapons
   614 | D:2      | 614 ||| Stepping ~*~*~tactically~*~*~ (outnumbered).
   621 | D:2      | Reached XP level 4. HP: 18/25 MP: 6/6
   628 | D:2      | 628 ||| FLEEEEING.
   629 | D:2      | 629 ||| FLEEEEING.
   630 | D:2      | 630 ||| FLEEEEING.
   661 | D:2      | Reached skill level 8 in Ranged Weapons
   739 | D:2      | Found a faded altar of an unknown god.
   861 | D:2      | Reached XP level 5. HP: 29/29 MP: 7/7
  1317 | D:2      | 1317 ||| UPGRADING to +0 helmet.
  1322 | D:2      | 1322 ||| READING scroll labelled ZOSEQU DAENY.
  1323 | D:2      | 1323 ||| READING scroll labelled NUN NIT YGERCHI.
  1376 | D:2      | 1376 ||| READING scroll labelled DIABLU FIOS.
  1377 | D:2      | 1377 ||| READING scroll labelled EMAGIT WYLETE.
  1378 | D:2      | 1378 ||| DRINKING 2 fuming black potions.
  1379 | D:2      | 1379 ||| DRINKING 2 sedimented green potions.
  1380 | D:2      | 1380 ||| DROPPING potion of invisibility.
  1462 | D:3      | You fall into a shaft and drop 3 floors!
  1473 | D:6      | Found Elai's Weapon Shoppe.
  1474 | D:6      | Noticed a water moccasin
  1480 | D:6      | Killed a water moccasin
  1481 | D:6      | Reached skill level 9 in Ranged Weapons
  1482 | D:6      | Reached XP level 6. HP: 34/34 MP: 8/8
  1490 | D:6      | Reached skill level 3 in Dodging
  1603 | D:6      | 1603 ||| UPGRADING to +0 scale mail.
  1613 | D:6      | 1613 ||| UPGRADING to +0 ring mail.
  1623 | D:6      | 1623 ||| DROPPING +0 scale mail.
  1624 | D:6      | 1624 ||| DROPPING +0 leather armour.
  1632 | D:5      | Entered Level 5 of the Dungeon
  1639 | D:5      | 1639 ||| READING scroll labelled VECWOU GIFEIM.
  1641 | D:5      | 1641 ||| Stepping ~*~*~tactically~*~*~ (cloud).
  1711 | D:5      | 1711 ||| FLEEEEING.
  1712 | D:5      | 1712 ||| FLEEEEING.
  1713 | D:5      | 1713 ||| FLEEEEING.
  1715 | D:5      | 1715 ||| STAIRDANCE
  1717 | D:4      | 1717 ||| PLANNING SEWER
  1805 | D:4      | Noticed Duvessa
  1807 | D:4      | Noticed Dowan
  1816 | D:4      | Killed Duvessa
  1819 | D:4      | HP: 6/36 [Dowan/shard of ice (15)]
  1820 | D:4      | 1820 ||| DRINKING potion of heal wounds.
  1824 | D:4      | Reached skill level 10 in Ranged Weapons
  1824 | D:4      | HP: 7/36 [Dowan/+0 dagger (1)]
  1830 | D:4      | 1830 ||| Stepping ~*~*~tactically~*~*~ (outnumbered).
  1837 | D:4      | Reached XP level 7. HP: 7/40 MP: 9/9
  1842 | D:4      | Reached skill level 1 in Armour
  1845 | D:4      | Killed Dowan
  2059 | D:4      | Noticed Pikel
  2073 | D:4      | Killed Pikel
  2074 | D:4      | Reached skill level 12 in Ranged Weapons
  2074 | D:4      | Reached XP level 8. HP: 38/45 MP: 10/10
  2444 | D:4      | 2444 ||| RIP SEWER
  2446 | D:4      | 2446 ||| PLANNING D:1-11
  2446 | D:4      | 2446 ||| Stepping ~*~*~tactically~*~*~ (water).
  2447 | D:4      | 2447 ||| UPGRADING to +1 ring mail of poison resistance.
  2455 | D:4      | 2455 ||| UPGRADING to +2 robe of fire resistance.
  2460 | D:4      | 2460 ||| DROPPING +0 ring mail.
  2461 | D:4      | 2461 ||| UPGRADING to +1 ring mail of poison resistance.
  2471 | D:4      | 2471 ||| READING scroll labelled VOT AWO ARAOBO.
  2472 | D:4      | 2472 ||| READING scroll labelled TAUPTO SUFYUT.
  2524 | D:3      | Reached skill level 3 in Fighting
  2579 | D:3      | Found a shimmering altar of Xom.
  2924 | D:3      | Found a hazy altar of Hepliaklqana.
  3354 | D:5      | Reached skill level 13 in Ranged Weapons
  3403 | D:5      | Noticed Prince Ribbit
  3409 | D:5      | Killed Prince Ribbit
  3471 | D:5      | Reached skill level 14 in Ranged Weapons
  3618 | D:5      | Noticed a troll
  3629 | D:5      | Killed a troll
  3630 | D:5      | Reached XP level 9. HP: 52/52 MP: 11/11
  3767 | D:5      | 3767 ||| READING scroll labelled ENOIZE KYOT.
  3795 | D:6      | Found a shimmering blue altar of Sif Muna.
  3808 | D:6      | Found a stormy altar of Qazlal.
  3809 | D:6      | Found an opulent altar of Gozag.
  3810 | D:6      | Found a basalt altar of Yredelemnul.
  3824 | D:6      | Found a staircase to the Ecumenical Temple.
  3825 | D:6      | 3825 ||| PLANNING TEMPLE
  3851 | D:6      | 3851 ||| UPGRADING to +0 pair of gloves.
  3857 | Temple   | Entered the Ecumenical Temple
  3858 | Temple   | 3858 ||| PLANNING OKAWARU WORSHIP
  3898 | Temple   | Became a worshipper of Warmaster Okawaru
  3899 | Temple   | 3899 ||| PLANNING D:1-11
  4045 | D:6      | Found Plog's General Store.
  4053 | D:6      | 4053 ||| SHOPLISTING +6 ring of strength (360 gold, have
                  | 278).
  4053 | D:6      | 4053 ||| BUYING scroll of brand weapon (95 gold).
  4053 | D:6      | Bought a scroll of brand weapon for 95 gold pieces
  4053 | D:6      | 4053 ||| BUYING scroll of teleportation (30 gold).
  4053 | D:6      | Bought a scroll of teleportation for 30 gold pieces
  4053 | D:6      | 4053 ||| BUYING scroll of teleportation (30 gold).
  4053 | D:6      | Bought a scroll of teleportation for 30 gold pieces
  4053 | D:6      | 4053 ||| READING scroll of brand weapon.
  4053 | D:6      | 4053 ||| BRANDING +1 shortbow of draining.
  4249 | D:6      | Identified the +1 robe of an ice cave {Dex+4 SInv}
  4420 | D:6      | 4420 ||| DROPPING +2 robe of fire resistance.
  4421 | D:6      | 4421 ||| UPGRADING to +4 ring of protection.
  4463 | D:7      | 4463 ||| STAIRDANCE
  4506 | D:7      | 4506 ||| STAIRDANCE
  4512 | D:6      | Reached skill level 6 in Dodging
  4605 | D:7      | 4605 ||| STAIRDANCE
  4608 | D:6      | Reached * piety under Okawaru
  4671 | D:6      | 4671 ||| UPGRADING to +5 ring of evasion.
  4673 | D:6      | 4673 ||| DROPPING +4 ring of protection.
  4678 | D:7      | Reached skill level 1 in Invocations
  4871 | D:7      | 4871 ||| READING scroll of enchant weapon.
  4871 | D:7      | 4871 ||| ENCHANTING +1 shortbow of flaming.
  4889 | D:7      | 4889 ||| INVOKING Heroism.
  4967 | D:7      | 4967 ||| SWAPPING to +0 longbow.
  4968 | D:7      | 4968 ||| DROPPING +2 shortbow of flaming.
  5183 | D:7      | Reached skill level 3 in Invocations
  5465 | D:7      | 5465 ||| DRINKING 2 clear potions.
  5466 | D:7      | 5466 ||| DROPPING potion of degeneration.
  5491 | D:8      | Noticed a two-headed ogre
  5492 | D:8      | 5492 ||| INVOKING Heroism.
  5505 | D:8      | Killed a two-headed ogre
  5505 | D:8      | Reached ** piety under Okawaru
  5506 | D:8      | Reached XP level 10. HP: 31/58 MP: 12/15
  5514 | D:8      | Reached skill level 15 in Ranged Weapons
  5528 | D:8      | 5528 ||| FLEEEEING.
  5529 | D:8      | 5529 ||| FLEEEEING.
  5530 | D:8      | 5530 ||| STAIRDANCE
  5612 | D:8      | 5612 ||| INVOKING Heroism.
  5725 | D:8      | 5725 ||| INVOKING Heroism.
  5734 | D:8      | Reached skill level 16 in Ranged Weapons
  6064 | D:8      | Found a blossoming altar of Fedhas.
  6084 | D:8      | Found a hide-covered altar of Uskayaw.
  6242 | D:8      | 6242 ||| DROPPING +2 scale mail of positive energy.
  6243 | D:8      | 6243 ||| READING scroll labelled GEIN RIDUUD.
  6244 | D:8      | 6244 ||| READING 2 scrolls of identify.
  6244 | D:8      | 6244 ||| IDENTIFYING green potion
  6245 | D:8      | 6245 ||| DROPPING potion of attraction.
  6255 | D:9      | 6255 ||| STAIRDANCE
  6262 | D:8      | 6262 ||| INVOKING Heroism.
  6396 | D:9      | 6396 ||| FLEEEEING.
  6398 | D:9      | 6398 ||| FLEEEEING.
  6400 | D:9      | 6400 ||| FLEEEEING.
  6401 | D:9      | 6401 ||| FLEEEEING.
  6403 | D:9      | 6403 ||| FLEEEEING.
  6404 | D:9      | 6404 ||| STAIRDANCE
  6479 | D:9      | 6479 ||| STAIRDANCE
  6481 | D:8      | 6481 ||| INVOKING Heroism.
  6482 | D:8      | HP: 9/58 [troll (12)]
  6483 | D:8      | 6483 ||| READING 4 scrolls of teleportation.
  6484 | D:8      | 6484 ||| DRINKING potion of heal wounds.
  6633 | D:9      | Found a staircase to the Lair.
  6651 | D:9      | 6651 ||| INVOKING Heroism.
  6653 | D:9      | 6653 ||| Stepping ~*~*~tactically~*~*~ (outnumbered).
  6708 | D:9      | Reached skill level 17 in Ranged Weapons
  6708 | D:9      | 6708 ||| INVOKING Heroism.
  6798 | D:9      | 6798 ||| INVOKING Heroism.
  6813 | D:9      | HP: 4/58 [yak (13)]
  6813 | D:9      | Slain by a troll

Levels and vault maps discovered:
D:1:      shiori_shiawase, layout_rooms
D:2:      layout_basic, nicolae_ecumenical_snake_handling, uniq_robin
D:3:      layout_basic, nicolae_hepliaklqana_monster_ancestors,
          lemuel_doored_altar, due_unseen_surprise
D:4:      layout_basic, gup_sewer_entry_spiral, grunt_ministairs_2, hex_medium,
          uniq_duvessa, uniq_pikel
D:5:      layout_cave_pools, uniq_prince_ribbit1
D:6:      layout_loops_ring, mainiacjoe_overflow_alcove_3,
          minmay_temple_entry_oklob, serial_shops, shop,
          nicolae_wooded_promenade
D:7:      layout_basic, chequers_serial_rivers_small_3
D:8:      layout_rooms, mainiacjoe_overflow_big_doors, minmay_hedge_maze,
          minmay_misc_feat_roman
D:9:      minmay_the_grid_net [minmay_the_grid_pillar_ring,
          minmay_the_grid_medium_cups, minmay_the_grid_plusring,
          minmay_the_grid_garden, minmay_the_grid_dragon_b,
          minmay_the_grid_prize_four_corners], layout_basic,
          lightli_temple_of_fire, kennysheep_generic_room_8
Temple:   nicolae_temple_ecumenical_triangle

Skill      XL: |  1  2  3  4  5  6  7  8  9 10 |
---------------+-------------------------------+-----
Ranged Weapons | 6 7 8 9 10 12 14 17 | 17.3
Dodging        | 3 5 7 |  7.2
Fighting       | 2 4 |  4.4
Armour         | 1 2 |  2.3
Invocations    | 4 |  4.8
Stealth        | |  1.2

Action                     |  1- 3 |  4- 6 |  7- 9 | 10-12 || total
---------------------------+-------+-------+-------+-------++-------
   Fire: Shortbow          |    73 |   110 |   321 |       ||   504
         Longbow           |       |       |    52 |   141 ||   193
 Invoke: Heroism           |       |       |     2 |     7 ||     9
    Use: Scroll            |     4 |     5 |     5 |     3 ||    17
         Potion            |     1 |     3 |     1 |     1 ||     6
 Armour: Leather armour    |    12 |     6 |       |       ||    18
         Ring mail         |       |    24 |    41 |    10 ||    75
  Dodge: Dodged            |    35 |    77 |   177 |   131 ||   420

Table legend:
 A = Non-vault XP
 B = Vault XP
 C = Vault XP percentage of total XP
 D = Non-vault monster count
 E = Vault monster count
 F = Vault count percentage of total count
                 A         B        C        D         E       F
            +---------+---------+-------+---------+---------+-------
      Total |    6999 |    1851 |  20.9 |     157 |      30 |  16.0
            +---------+---------+-------+---------+---------+-------
        D:1 |      30 |       0 |   0.0 |      20 |       0 |   0.0
        D:2 |     144 |      49 |  25.4 |      23 |      12 |  34.3
        D:3 |     192 |       3 |   1.5 |      20 |       2 |   9.1
        D:4 |     215 |     884 |  80.4 |      22 |      10 |  31.2
        D:5 |     935 |     291 |  23.7 |      12 |       1 |   7.7
        D:6 |     845 |      62 |   6.8 |      13 |       1 |   7.1
        D:7 |    1022 |       0 |   0.0 |      20 |       0 |   0.0
        D:8 |    2753 |     312 |  10.2 |      17 |       1 |   5.6
        D:9 |     863 |     250 |  22.5 |      10 |       3 |  23.1
            +---------+---------+-------+---------+---------+-------
